 Dungeon Crawl Stone Soup version 0.23.1-37-gaa34b87b72 (webtiles) character file.

Game seed: 0

1398 PikkenKukken the Sneak (level 8, -3/56 HPs)
             Began as an Octopode Wizard on Mar 19, 2019.
             Was an Initiate of Ru.
             Slain by a scorpion (7 damage)
             ... on level 6 of the Dungeon.
             The game lasted 00:23:11 (7894 turns).

PikkenKukken the Sneak (Octopode Wizard)            Turns: 7894, Time: 00:23:11

Health: -3/56      AC:  1    Str:  7    XL:     8   Next: 69%
Magic:  8/12       EV: 15    Int: 21    God:    Ru [......]
Gold:   276        SH:  0    Dex: 11    Spells: 8/13 levels left

rFire    . . .     SeeInvis .   i - +1 spear (freeze)
rCold    . . .     Gourm    .   (no shield)
rNeg     + . .     Faith    .   a - +0 hat
rPois    .         Spirit   .   p - amulet of rage
rElec    .         Reflect  .   q - ring of positive energy
rCorr    .         Harm     .   x - ring of flight
MR       .....                  (no ring)
Stlth    ++++......             (no ring)
HPRegen  0.18/turn              (no ring)
MPRegen  0.13/turn              (no ring)
                                (no ring)
                                (no ring)

@: lethally poisoned (-3 -> -18)
A: almost no armour, stealthy swim, amphibious, 8 rings, constrict 8, camouflage
1, gelatinous body 1
a: Sacrifice Skill, Sacrifice Artifice, Sacrifice Purity, Reject Sacrifices,
Renounce Religion, Evoke Berserk Rage, Evoke Flight


You were on level 6 of the Dungeon.
You worshipped Ru.
Ru was noncommittal.
You were not hungry.

You visited 1 branch of the dungeon, and saw 6 of its levels.

You collected 276 gold pieces.

Inventory:

Hand Weapons
 g - a +2 short sword of holy wrath
 i - a +1 spear of freezing (weapon)
Missiles
 h - 135 arrows
 l - 5 poisoned tomahawks (quivered)
Armour
 a - a +0 hat (worn)
Jewellery
 p - an amulet of rage (around mantle)
 q - a ring of positive energy (left tentacle)
 x - a ring of flight (right tentacle)
Wands
 j - a wand of flame (44)
Scrolls
 b - 4 scrolls of remove curse
 d - a scroll of fog
 f - 2 scrolls of blinking
 o - 4 scrolls of teleportation
 r - 2 scrolls of identify
 t - a scroll of magic mapping
Potions
 e - 2 potions of ambrosia
 k - a potion of lignification {unknown}
 m - a potion of brilliance {unknown}
 n - 3 potions of cancellation
 s - a potion of degeneration {unknown}
 v - a potion of resistance {unknown}
 w - 2 potions of flight
Comestibles
 c - 4 rations


   Skills:
 + Level 5.6 Fighting
 - Level 2.3 Short Blades
 * Level 4.7 Polearms
 + Level 5.5 Dodging
 - Level 6.0 Stealth
 - Level 3.0 Spellcasting
 - Level 1.0 Conjurations
 - Level 1.0 Summonings
 - Level 1.0 Translocations


You had 8 spell levels left.
You knew the following spells:

 Your Spells              Type           Power        Failure   Level  Hunger
a - Magic Dart            Conj           #...         9%          1    None
b - Blink                 Tloc           N/A          13%         2    ##.....
c - Call Imp              Summ           #.......     13%         2    ##.....

Your spell library contained the following spells:

 Spells                   Type           Power        Failure   Level  Hunger
 Beastly Appendage        Tmut           #.....       13%         1    None
 Searing Ray              Conj           #.....       13%         2    ##.....
 Slow                     Hex            #.......     21%         2    ##.....
 Sticks to Snakes         Tmut           #.......     21%         2    ##.....
 Conjure Flame            Conj/Fire      #.......     32%         3    ###....
 Dazzling Spray           Conj/Hex       #.....       32%         3    ###....
 Mephitic Cloud           Conj/Pois/Air  #.......     34%         3    ###....
 Spider Form              Tmut/Pois      #.........   36%         3    ###....
 Force Lance              Conj/Tloc      #.......     65%         4    ####...
 Iskenderun's Mystic Bla  Conj           #.......     65%         4    ####...
 Fulminant Prism          Conj/Hex       #.........   71%         4    ####...
 Ice Form                 Ice/Tmut       #.......     78%         4    ####...
 Blade Hands              Tmut           #.........   98%         5    ######.


Dungeon Overview and Level Annotations

Branches:
Dungeon (6/15)             Temple (0/1) D:6

Altars:
Ashenzari
Hepliaklqana
Kikubaaqudgha
Ru

Shops:
D:5 :

Annotations:
D:2 1 runed translucent door, Crazy Yiuf
D:6 Sigmund


Innate Abilities, Weirdness & Mutations

You cannot wear most types of armour.
You are very stealthy in the water. (Stealth+)
You are amphibious.
You can wear up to eight rings at the same time.
You can use your tentacles to constrict eight enemies at once.
Your skin changes colour to match your surroundings (Stealth+).
Your rubbery body absorbs attacks. (AC +1, EV +1)


Message History

You are lethally poisoned!
The scorpion poisons you! The orc wizard casts a spell at you.
The magic dart hits you!
* * * LOW HITPOINT WARNING * * *
You hit the scorpion but do no damage. Your squeeze misses the scorpion.
The scorpion is moderately wounded.
You constrict the scorpion.
* * * LOW HITPOINT WARNING * * *
You feel sick. The scorpion barely misses you.
Unknown command.
You hit the scorpion. You freeze the scorpion.
The scorpion is severely wounded.
You constrict the scorpion.
* * * LOW HITPOINT WARNING * * *
You feel sick.
The orc wizard hits you with a +0 dagger.
* * * LOW HITPOINT WARNING * * *
The scorpion stings you!
You die...

..[..# #######.###
##...## #.#### ##.##
##'## #.# #...# #.#
###### #...#######.#
.⌠.⌠.##
####...........##
.._...##
#.........###.>.##
.⌠.⌠.#.##
#................#
#...#.⌠.#
#..<).....#.#....##
.#.#.#.##
####.@o.###.##....####
⌠(#.⌠.#.#
#..s...............
.#.#.#.##
#...####.........##
#.⌠.#.⌠.# #####
####.....## .#.#.#.##
#....## ⌠.#.⌠.## #####
##.#.##### .#.#.#.#
##...## #.......(#
#.⌠.#..#
##.....###..#####.#
.#.#.#.#
####.........o.## #.#


You could see a scorpion and an orc wizard.

Vanquished Creatures
  Grinder (D:3)
  An orc warrior (D:6)
  A phantom (D:4)
  An ogre (D:4)
  2 bullfrogs (D:6)
  A water moccasin zombie (D:5)
  2 scorpions
  2 vampire bats (D:6)
  A crimson imp (D:5)
  A hound (D:5)
  2 orc priests
  A bullfrog skeleton (D:5)
  4 orc wizards
  2 worker ants
  2 gnolls (D:6)
  7 adders
  4 oozes
  A worm (D:3)
  2 dart slugs
  5 leopard geckos
  17 orcs
  A ball python (D:3)
  4 bats
  3 bat skeletons (D:6)
  3 bat zombies (D:6)
  8 giant cockroaches
  9 goblins
  5 hobgoblins
  2 jackals (D:4)
  5 quokkas
  3 frilled lizards
  5 kobolds
  A leopard gecko skeleton (D:4)
  7 rats
116 creatures vanquished.

Vanquished Creatures (collateral kills)
  An ogre (D:5)
  A hound (D:3)
  Robin (D:2)
  4 gnolls (D:6)
  An adder (D:4)
  A worm (D:4)
  A leopard gecko (D:3)
  2 orcs
  5 goblins (D:2)
  2 hobgoblins
  A jackal (D:4)
  A kobold (D:2)
21 creatures vanquished.

Grand Total: 137 creatures vanquished

Notes
Turn   | Place    | Note
-------+----------+-------------------------------------------
     0 | D:1      | PikkenKukken the Octopode Wizard began the quest for the
                  | Orb.
     0 | D:1      | Reached XP level 1. HP: 11/11 MP: 4/4
   159 | D:1      | Reached skill level 3 in Stealth
   159 | D:1      | Reached XP level 2. HP: 14/18 MP: 0/6
   299 | D:1      | Reached skill level 1 in Fighting
   856 | D:1      | Reached XP level 3. HP: 19/23 MP: 7/7
  1079 | D:2      | Reached skill level 4 in Stealth
  1083 | D:2      | Learned a level 2 spell: Blink
  1086 | D:2      | Learned a level 2 spell: Call Imp
  1376 | D:2      | Found a runed translucent door.
  1377 | D:2      | Noticed Crazy Yiuf
  1428 | D:2      | Reached XP level 4. HP: 25/29 MP: 8/8
  1606 | D:2      | Noticed Robin
  1702 | D:2      | Killed Robin
  2116 | D:3      | Upgraded the game from 0.23.1 to 0.23.1-37-gaa34b87b72
  2548 | D:3      | Reached XP level 5. HP: 35/35 MP: 9/9
  2657 | D:3      | Found a sacrificial altar of Ru.
  2729 | D:3      | Reached skill level 5 in Stealth
  3231 | D:3      | Reached XP level 6. HP: 29/42 MP: 4/10
  3447 | D:3      | Reached skill level 1 in Short Blades
  3459 | D:3      | Noticed Grinder
  3573 | D:3      | Killed Grinder
  3573 | D:3      | Reached skill level 6 in Stealth
  3872 | D:3      | Found a hazy altar of Hepliaklqana.
  3879 | D:3      | Reached XP level 7. HP: 46/46 MP: 11/11
  3932 | D:3      | Became a worshipper of Ru the Awakened
  4782 | D:4      | Found a shattered altar of Ashenzari.
  5486 | D:4      | Reached skill level 1 in Polearms
  5698 | D:5      | Entered Level 5 of the Dungeon
  5881 | D:5      | Found Wuab's Book Shop.
  5916 | D:5      | Reached XP level 8. HP: 37/54 MP: 8/12
  6299 | D:5      | Reached skill level 5 in Fighting
  6915 | D:6      | Reached skill level 5 in Dodging
  7270 | D:6      | Noticed Sigmund
  7277 | D:6      | Found a staircase to the Ecumenical Temple.
  7719 | D:6      | Found an ancient bone altar of Kikubaaqudgha.
  7894 | D:6      | Slain by a scorpion

Skill      XL: |  1  2  3  4  5  6  7  8 |
---------------+-------------------------+-----
Stealth        | 3 4 5 6 |  6.0
Fighting       | 1 2 3 4 5 |  5.6
Dodging        | 3 4 5 |  5.5
Short Blades   | 1 2 |  2.3
Polearms       | 2 4 |  4.7
Spellcasting   | |  3.0
Conjurations   | |  1.0
Summonings     | |  1.0
Translocations | |  1.0

Action                   |  1- 3 |  4- 6 |  7- 9 || total
-------------------------+-------+-------+-------++-------
Melee: Unarmed           |     7 |       |       ||     7
       Short sword       |    33 |     6 |       ||    39
       Constrict         |    10 |    23 |    31 ||    64
       Tentacles         |     8 |    10 |    25 ||    43
       Club              |     3 |       |       ||     3
       Spear             |       |   129 |   207 ||   336
Throw: Tomahawk          |       |     1 |     2 ||     3
 Cast: Magic Dart        |    26 |     5 |     5 ||    36
       Call Imp          |     1 |    16 |    32 ||    49
       Blink             |       |       |     1 ||     1
  Use: Scroll            |     4 |     3 |     7 ||    14
       Potion            |       |     1 |       ||     1
 Stab: Sleeping          |     7 |    14 |    17 ||    38
       Distracted        |       |     1 |       ||     1
  Eat: Chunk             |     1 |     5 |     9 ||    15
       Ration            |       |     1 |     2 ||     3
Armor: Skin              |     2 |     6 |     5 ||    13
Dodge: Dodged            |    23 |    57 |    97 ||   177
